 Dungeon Crawl Stone Soup version 0.26-a0-1147-g3780a7a11b (webtiles) character file.

Game seed: 12831914907650995721

2386 Dracia the Nimble (level 9, -6/61 HPs)
             Began as a Demonspawn Gladiator on Dec 22, 2020.
             Killed from afar by Maggie (19 damage)
             ... with a bolt of fire
             ... on level 7 of the Dungeon.
             The game lasted 00:11:45 (7331 turns).

Dracia the Nimble (Demonspawn Gladiator)            Turns: 7331, Time: 00:11:45

Health: -6/61      AC: 21    Str: 16    XL:     9   Next: 22%
Magic:  0/9        EV: 11    Int: 11    God:
Gold:   422        SH:  0    Dex: 15    Spells: 8/8 levels left

rFire    . . .     SeeInvis .   a - +0 quarterstaff
rCold    + . .     Faith    .   (shield currently unavailable)
rNeg     . . .     Spirit   +   z - +1 chain mail {rC+}
rPois    .         Reflect  .   (helmet restricted)
rElec    .         Harm     .   y - +1 cloak
rCorr    .         Rampage  .   x - +2 pair of gloves
Will     .....                  (no boots)
Stlth    ..........             (no amulet)
HPRegen  0.20/turn              O - +4 ring of protection
MPRegen  0.11/turn              (no ring)

@: no status effects
A: horns 2, spiny 3, magic shield
a: no special abilities


You were on level 7 of the Dungeon.
You visited 1 branch of the dungeon, and saw 7 of its levels.
You also visited: Bailey.

You collected 422 gold pieces.


Innate Abilities, Weirdness & Mutations

You have a pair of horns on your head.
You are completely covered in sharp spines.
When hurt, damage is shared between your health and your magic reserves.


   Skills:
 - Level 2.0 Fighting
 - Level 0.1(1.6) Polearms
 - Level 2.6(2.7) Staves
 - Level 1.7 Throwing
 + Level 8.0 Armour
 + Level 8.5 Dodging


You had 8 spell levels left.
You didn't know any spells.
Your spell library contained the following spells:

 Spells                   Type           Power        Failure   Level
 Sandblast                Erth           0%           99%         1
 Passwall                 Tmut/Erth      0%           100%        2
 Stone Arrow              Conj/Erth      0%           100%        3
 Petrify                  Tmut/Erth      0%           100%        4
 Lee's Rapid Deconstruct  Erth           0%           100%        5

Inventory:

Hand Weapons
 a - a +0 quarterstaff (weapon)
Missiles
 d - 3 throwing nets {=f=f}
 r - 11 poisoned darts (quivered)
Armour
 b - a +0 leather armour
 c - the cursed +1 ring mail of the Guardian {Harm rN+ Will- Str+8}
   (You found it on level 6 of the Dungeon)

   It affects your strength (+8).
   It protects you from negative energy.
   It affects your willpower, your defense against some magical effects.
   It increases damage dealt and taken.
   It has a curse placed upon it.
 l - a +0 plate armour
 x - a +2 pair of gloves (worn)
 y - a +1 cloak (worn)
 z - a +1 chain mail of cold resistance (worn)
Jewellery
 C - an uncursed ring of ice
 O - a +4 ring of protection (left hand)
 T - an uncursed amulet of faith {!P!P}
Wands
 j - a wand of random effects (8)
 u - a wand of polymorph (4)
Scrolls
 e - a scroll of fog
 i - 3 scrolls of teleportation {@r4@r4}
 k - 4 scrolls of remove curse {@r2@r2}
 n - 7 scrolls of identify {@r1@r1}
 w - a scroll of amnesia
Potions
 f - a potion of lignification
 h - a potion of curing {@q1@q1}
 m - 2 potions of brilliance
 p - a potion of might
 q - a potion of cancellation

Dungeon Overview and Level Annotations

Branches:
Dungeon (7/15)             Temple (0/1) D:5          Bailey (visited)

Altars:
Cheibriados
Hepliaklqana
Nemelex Xobeh
Qazlal
Zin
Beogh

Annotations:
D:5 3 runed translucent doors, stazo's ghost, novice HOFi
D:6 2 runed translucent doors, Dracia's ghost, novice DsGl
D:7 Maggie

#....##..##.......#
##...##+# #.......#
###...# ........#
#$....# ...##..$#
#.....# # #.....#
.# #.....##..##.
#....@.......
####g@##..... #..#
.##. #))##..##
#.<.<...# #.......#
#..##..## ...# ###
#.... +....


You could see Maggie and a gnoll sergeant.


Message History

The gnoll sergeant misses you.
Maggie points at you and mumbles some strange words.
The bolt of fire hits you!
* * * LOW HITPOINT WARNING * * *
You feel better.
The gnoll sergeant is struck by your spines.
The gnoll sergeant hits you but does no damage.
Maggie casts a spell.
Maggie attempts to bespell you!
You easily resist.
You completely miss Maggie. You headbutt Maggie, but do no damage.
Maggie is lightly wounded.
The gnoll sergeant is struck by your spines.
The gnoll sergeant hits you with a +0 trident.
* * * LOW HITPOINT WARNING * * *
Maggie is struck by your spines.
Maggie hits you with a +1 vorpal long sword!
* * * LOW HITPOINT WARNING * * *
x2 The gnoll sergeant blocks your attack.
The gnoll sergeant is severely wounded.
The gnoll sergeant is struck by your spines.
The gnoll sergeant hits you but does no damage.
Maggie hits you but does no damage.
Unknown command.
You hit the gnoll sergeant.
Your headbutt misses the gnoll sergeant.
The gnoll sergeant is almost dead.
The gnoll sergeant hits you but does no damage.
Maggie points at you and mumbles some strange words.
The bolt of fire hits you!!
You die...

Skill      XL: |  1  2  3  4  5  6  7  8  9 |
---------------+----------------------------+-----
Armour         | 1 2 3 4 5 7 8 |  8.0
Dodging        | 3 4 5 6 8 |  8.5
Fighting       | |  2.0
Polearms       | |  0.1
Staves         | |  2.6
Throwing       | |  1.7

Action                   |  1- 3 |  4- 6 |  7- 9 || total
-------------------------+-------+-------+-------++-------
Melee: Quarterstaff      |    92 |    83 |   214 ||   389
       Headbutt          |       |    19 |    41 ||    60
       Unarmed           |       |       |     3 ||     3
Throw: Dart              |       |     9 |     4 ||    13
       Throwing net      |       |     2 |       ||     2
Evoke: Wand              |       |     2 |       ||     2
  Use: Potion            |     1 |       |    12 ||    13
       Scroll            |       |       |    10 ||    10
 Stab: Invisible         |       |       |     2 ||     2
Armor: Leather armour    |     5 |       |       ||     5
       Plate armour      |    38 |    57 |    28 ||   123
       Skin              |       |     3 |       ||     3
       Chain mail        |       |       |   122 ||   122
Dodge: Dodged            |    43 |    21 |   137 ||   201

Levels and vault maps discovered:
D:1:      sevenhm_arrival_forest_fort_large_1, layout_basic
D:2:      layout_basic
D:3:      layout_rooms, minmay_crystal_water, uniq_jessica, uniq_natasha
D:4:      layout_basic, roderic_batcave, minmay_fractal_squares_diagonal_5,
          uniq_ijyb, uniq_edmund, uniq_crazy_yiuf_cottage
D:5:      layout_rooms, zin_academy, amethyst_overflow_temple_binary,
          kennysheep_mini, minmay_temple_entry_proselytizer,
          biasface_ghost_orc_armoury, saegor_snake_ambush
D:6:      layout_loops_ring, nicolae_qazlal_general_emergency,
          nicolae_ossuary_entry_catacombs, ebering_ghost_disaster_area
D:7:      gammafunk_steamed_eel, layout_gridville, enter_bailey_2,
          guppyfry_early_elven_hall, uniq_maggie, uniq_menkaure

Notes
Turn   | Place    | Note
-------+----------+-------------------------------------------
     0 | D:1      | Dracia the Demonspawn Gladiator began the quest for the
                  | Orb.
     0 | D:1      | Reached XP level 1. HP: 16/16 MP: 1/1
    93 | D:1      | You fall into a shaft and drop 1 floor!
   222 | D:2      | Reached skill level 1 in Armour
   222 | D:2      | Reached skill level 3 in Dodging
   222 | D:2      | Gained mutation: You are partially covered in sharp spines.
                  | [demonic ancestry]
   222 | D:2      | Reached XP level 2. HP: 8/22 MP: 2/2
   587 | D:1      | Reached XP level 3. HP: 27/27 MP: 3/3
  1349 | D:2      | Reached skill level 2 in Armour
  1979 | D:3      | Gained mutation: You have a pair of small horns on your
                  | head. [demonic ancestry]
  1979 | D:3      | Reached XP level 4. HP: 33/33 MP: 4/4
  1984 | D:3      | Noticed Natasha
  2006 | D:3      | Killed Natasha
  2218 | D:3      | Noticed Natasha
  2226 | D:3      | Killed Natasha
  2227 | D:3      | Reached skill level 4 in Dodging
  2239 | D:3      | Noticed Natasha
  2245 | D:3      | Killed Natasha
  2246 | D:3      | Gained mutation: You have a pair of horns on your head.
                  | [demonic ancestry]
  2246 | D:3      | Reached XP level 5. HP: 27/38 MP: 5/5
  2453 | D:3      | Reached skill level 3 in Armour
  2665 | D:3      | Noticed a centaur
  2671 | D:3      | Killed a centaur
  2672 | D:3      | Reached XP level 6. HP: 21/44 MP: 6/6
  2856 | D:3      | Noticed Jessica
  2860 | D:3      | Killed Jessica
  3125 | D:4      | Noticed Ijyb
  3130 | D:4      | Killed Ijyb
  3158 | D:4      | Reached skill level 4 in Armour
  3158 | D:4      | Reached skill level 5 in Dodging
  3466 | D:4      | Noticed Edmund
  3496 | D:4      | Killed Edmund
  3497 | D:4      | Gained mutation: You are mostly covered in sharp spines.
                  | [demonic ancestry]
  3497 | D:4      | Reached XP level 7. HP: 50/50 MP: 7/7
  3781 | D:4      | You fall into a shaft and drop 2 floors!
  3798 | D:5      | Entered Level 5 of the Dungeon
  3828 | D:5      | Reached skill level 5 in Armour
  4107 | D:4      | Reached skill level 6 in Dodging
  4175 | D:4      | Found a runed translucent door.
  4176 | D:4      | Noticed Crazy Yiuf
  4588 | D:4      | Killed Crazy Yiuf
  4896 | D:5      | Found a runed translucent gate.
  4896 | D:5      | Noticed stazo's ghost (novice HOFi)
  4948 | D:5      | Gained mutation: You are completely covered in sharp
                  | spines. [demonic ancestry]
  4948 | D:5      | Reached XP level 8. HP: 52/56 MP: 8/8
  5039 | D:5      | Reached skill level 6 in Armour
  5186 | D:5      | Found a staircase to the Ecumenical Temple.
  5205 | D:5      | Found a sparkling altar of Nemelex Xobeh.
  5215 | D:5      | Found a snail-covered altar of Cheibriados.
  5268 | D:5      | Reached skill level 7 in Dodging
  5428 | D:5      | Found a hazy altar of Hepliaklqana.
  5514 | D:5      | Found a glowing silver altar of Zin.
  5521 | D:5      | Identified the cursed +1 leather armour of Disguise {rC+}
  5522 | D:5      | Found a runed translucent gate.
  5522 | D:5      | Found a runed translucent gate.
  5523 | D:5      | Found a roughly hewn altar of Beogh.
  5842 | D:6      | Found a large runed translucent door.
  5842 | D:6      | Found a large runed translucent door.
  5843 | D:6      | Noticed Dracia's ghost (novice DsGl)
  6107 | D:6      | Reached skill level 7 in Armour
  6258 | D:6      | Found a stormy altar of Qazlal.
  6365 | D:6      | Reached skill level 8 in Dodging
  6603 | D:6      | Got a faintly glowing ring mail
  6604 | D:6      | Identified the cursed +1 ring mail of the Guardian {Harm
                  | rN+ Will- Str+8} (You found it on level 6 of the Dungeon)
  6677 | D:7      | Noticed Menkaure
  6688 | D:7      | Gained mutation: When hurt, damage is shared between your
                  | health and your magic reserves. [demonic ancestry]
  6688 | D:7      | Reached XP level 9. HP: 50/61 MP: 9/9
  6695 | D:7      | Killed Menkaure
  6706 | D:7      | Found a flagged portal.
  6725 | Bailey   | Entered a bailey
  7117 | D:7      | Noticed Maggie
  7323 | D:7      | Reached skill level 8 in Armour
  7331 | D:7      | Killed from afar by Maggie

Vanquished Creatures
  Menkaure (D:7)
  Edmund (D:4)
  A black bear (D:6)
  4 ogres
  A phantom (D:4)
  2 centaurs
  An elf zombie (D:6)
  A bullfrog (D:6)
  A scorpion (D:5)
  3 killer bees (D:7)
  A howler monkey (D:5)
  A vampire bat (D:4)
  A human zombie (D:6)
  Crazy Yiuf (D:4)
  3 hounds
  A bullfrog zombie (D:6)
  4 orc priests
  A jelly (D:5)
  3 orc wizards
  Jessica (D:3)
  An iguana (D:7)
  Natasha (thrice) (D:3)
  5 worker ants
  Ijyb (D:4)
  2 hound zombies (D:6)
  12 gnolls
  10 adders
  A shadow imp (D:5)
  An ufetubus (D:4)
  An adder skeleton (D:7)
  An adder zombie (D:5)
  3 worms
  A dart slug (D:1)
  6 leopard geckos
  14 orcs
  5 ball pythons
  18 bats
  5 giant cockroaches
  16 hobgoblins
  4 jackals
  18 kobolds
  6 quokkas
  3 frilled lizards
  3 goblins
  2 leopard gecko skeletons (D:4)
  4 orc skeletons (D:6)
  A quokka skeleton (D:6)
  9 rats
189 creatures vanquished.

Vanquished Creatures (others)
  A gnoll (Bailey)
  A plant (D:5)
2 creatures vanquished.

Grand Total: 191 creatures vanquished

Table legend: (Time is in decaauts)
 A = Elapsed time spent in this place.
 B = Non-inter-level travel time spent in this place.
 C = Inter-level travel time spent in this place.
 D = Time resting spent in this place.
 E = Time spent auto-exploring this place.
 F = Levels seen in this place.
 G = Mean time per level.
                   A        B        C        D        E       F      G
               +--------+--------+--------+--------+--------+-----+--------+
         Total |   7435 |   7046 |    389 |   1309 |   4494 |   8 |  929.4 |
       Dungeon |   7096 |   6707 |    389 |   1213 |   4347 |   7 | 1013.7 |
        Bailey |    339 |    339 |      0 |     96 |    147 |   1 |  339.0 |
               +--------+--------+--------+--------+--------+-----+--------+

Top non-repeatable levels by time:
     D:4: 1474 daAuts
     D:6: 1264 daAuts
     D:3: 1246 daAuts
     D:2: 1048 daAuts
     D:5: 1014 daAuts
     D:1: 885 daAuts
  Bailey: 339 daAuts
     D:7: 162 daAuts

Table legend:
 A = Non-vault XP
 B = Vault XP
 C = Vault XP percentage of total XP
 D = Non-vault monster count
 E = Vault monster count
 F = Vault count percentage of total count
                 A         B        C        D         E       F
            +---------+---------+-------+---------+---------+-------
      Total |    2531 |     878 |  25.8 |     136 |      54 |  28.4
            +---------+---------+-------+---------+---------+-------
        D:1 |      35 |       4 |  10.3 |      20 |       3 |  13.0
        D:2 |      48 |       0 |   0.0 |      15 |       0 |   0.0
        D:3 |     292 |      73 |  20.0 |      28 |       2 |   6.7
        D:4 |     432 |     312 |  41.9 |      17 |      16 |  48.5
        D:5 |     580 |      57 |   8.9 |      17 |       5 |  22.7
        D:6 |     813 |     142 |  14.9 |      26 |       6 |  18.8
        D:7 |     331 |     183 |  35.6 |      13 |       1 |   7.1
     Bailey |       0 |     107 | 100.0 |       0 |      21 | 100.0
            +---------+---------+-------+---------+---------+-------
